 Dungeon Crawl Stone Soup version 0.18.1-50-g88ac8fd (console) character file.

65 Kloppie the Skirmisher (level 3, -5/33 HPs)
             Began as a Draconian Berserker on Oct 25, 2016.
             Was a Believer of Trog.
             Slain by a phantom (7 damage)
             ... on level 3 of the Dungeon.
             The game lasted 00:01:49 (1583 turns).

Kloppie the Skirmisher (Draconian Berserker)        Turns: 1583, Time: 00:01:49

Health: -5/33      AC:  5    Str: 19    XL:     3   Next: 92%
Magic:  3/3        EV: 13    Int:  7    God:    Trog [**....]
Gold:   118        SH:  0    Dex: 11    Spells: 0 memorised, 2 levels left

rFire  . . .     SeeInvis .     a - +0 mace
rCold  . . .     Gourm    .     (armour unavailable)
rNeg   . . .     Faith    .     (no shield)
rPois  .         Spirit   .     (helmet restricted)
rElec  .         Dismiss  .     (no cloak)
rCorr  .         Reflect  .     (no gloves)
SustAt .         Harm     .     (no boots)
MR     ++...                    (no amulet)
Stlth  +.........               (no ring)
                                (no ring)

@: regenerating, very resistant to hostile enchantments, very unstealthy
A: unfitting armour, cold-blooded, AC +5
a: Berserk, Trog's Hand, Burn Spellbooks, Renounce Religion


You were on level 3 of the Dungeon.
You worshipped Trog.
Trog was pleased with you.
You were not hungry.

You visited 1 branch of the dungeon, and saw 3 of its levels.

You collected 118 gold pieces.

Inventory:

Hand Weapons
 a - a +0 mace (weapon)
Scrolls
 c - 2 scrolls of teleportation {unknown}
 e - 2 scrolls of remove curse {unknown}
 h - a scroll of enchant armour {unknown}
 k - a scroll of magic mapping {unknown}
Potions
 f - 2 potions of curing {unknown}
 i - a potion of brilliance {unknown}
 j - a potion of resistance {unknown}
Comestibles
 b - 2 bread rations
 d - 4 chunks of flesh
 g - a beef jerky
 l - a slice of pizza


   Skills:
 + Level 4.1 Fighting
 + Level 3.7 Maces & Flails
 + Level 3.3 Dodging


You had 2 spell levels left.
You didn't know any spells.

Dungeon Overview and Level Annotations

Branches:
Dungeon (3/15)

Altars:
Xom
Zin


Innate Abilities, Weirdness & Mutations

Your plain brown scales are hard (AC +5).
Your body does not fit into most forms of armour.
You are cold-blooded and may be slowed by cold attacks.


Message History

You feel resistant to hostile enchantments.
You feel slightly more hungry. The phantom closely misses you.
You see here a metallic ruby potion.
You are too injured to fight recklessly!
You are too injured to fight recklessly!
You are too injured to fight recklessly!
You are too injured to fight recklessly!
You hit the phantom but do no damage.
The phantom is lightly damaged.
The phantom hits you!
* * * LOW HITPOINT WARNING * * *
You hit the phantom but do no damage.
The phantom is lightly damaged.
The phantom hits you!
* * * LOW HITPOINT WARNING * * *
A giant cockroach comes into view.
You hit the phantom.
The phantom is lightly damaged.
The phantom hits you!
You die...

.. ..# #..#### ......##
##.......
..##..###........
...#.##...#.....
#........#..... ####.
###.............. .....#
#...#..........s.
.........#.....W@.......
.....≈.........#.##.....
##..≈≈♣...###..### ###
....≈P≈######..#
#..P≈≈#......)#
#.≈♣<.#####.# #..#.##
#.# .#.#....# #.#
........######.#


You could see a phantom and a giant cockroach.

Vanquished Creatures
  2 adders (D:2)
  6 dart slugs
  An orc (D:3)
  3 giant cockroaches
  3 goblins
  5 hobgoblins
  A quokka (D:2)
  2 bats
  2 giant newts (D:1)
  5 kobolds
  5 rats
35 creatures vanquished.

Notes
Turn   | Place    | Note
--------------------------------------------------------------
     0 | D:1      | Kloppie the Draconian Berserker began the quest for the Orb.
     0 | D:1      | Reached XP level 1. HP: 19/19 MP: 1/1
    42 | D:1      | Reached XP level 2. HP: 26/26 MP: 2/2
   817 | D:2      | Found a shimmering altar of Xom.
   820 | D:2      | Noticed an angel
   824 | D:2      | Found a glowing silver altar of Zin.
   833 | D:2      | Reached XP level 3. HP: 30/31 MP: 3/3
  1038 | D:2      | Reached ** piety under Trog
  1152 | D:2      | Reached skill level 4 in Fighting
  1546 | D:3      | Noticed a phantom
  1582 | D:3      | HP: 1/33 [phantom (9)]
  1583 | D:3      | Slain by a phantom

Skill      XL: |  1  2  3 |
---------------+----------+-----
Dodging        | 3 |  3.3
Fighting       | 4 |  4.1
Maces & Flails | |  3.7

Action                   || total
-------------------------++-------
Melee: Mace              ||    89
       Tailslap          ||    13
Invok: Trog's Hand       ||     1
 Stab: Sleeping          ||     1
  Eat: Chunk             ||     2
Armor: Skin              ||    24
Dodge: Dodged            ||    61
